 Dungeon Crawl Stone Soup version 0.25-a0-576-g50b708a4c4 (webtiles) character file.

Game seed: 836787111014396950, levelgen mode: deterministic

18 Flugslaktarn the Shield-Bearer (level 2, -5/27 HPs)
             Began as a Deep Dwarf Fighter on Mar 1, 2020.
             Slain by Sigmund
             ... wielding a +2 vampiric scythe
              (6 damage)
             ... on level 2 of the Dungeon.
             The game lasted 00:00:10 (157 turns).

Flugslaktarn the Shield-Bearer (Deep Dwarf Fighter)  Turns: 157, Time: 00:00:10

Health: -5/27      AC:  6    Str: 19    XL:     2   Next: 48%
Magic:  2/2        EV:  7    Int:  8    God:
Gold:   22         SH:  0    Dex: 12    Spells: 1/1 levels left

rFire    . . .     SeeInvis .   a - +0 war axe
rCold    . . .     Gourm    .   c - +0 kite shield
rNeg     . . .     Faith    .   b - +0 scale mail
rPois    .         Spirit   .   (no helmet)
rElec    .         Reflect  .   (no cloak)
rCorr    .         Harm     .   (no gloves)
MR       .....                  (no boots)
Stlth    ..........             (no amulet)
HPRegen  0.00/turn              (no ring)
MPRegen  0.08/turn              (no ring)

@: confused, non-regenerating
A: damage resistance, heal wounds, sense surroundings 1, no regeneration
a: Heal Wounds


You were on level 2 of the Dungeon.
You were not hungry.

You visited 1 branch of the dungeon, and saw 2 of its levels.

You collected 22 gold pieces.

Inventory:

Hand Weapons
 a - a +0 war axe (weapon)
Armour
 b - a +0 scale mail (worn)
 c - a +0 kite shield (worn)
Scrolls
 g - a scroll of teleportation {unknown}
Potions
 d - a potion of might
 h - a potion of stabbing {unknown}
Comestibles
 e - 5 rations
 f - 2 chunks of flesh


   Skills:
 + Level 2.8 Fighting
 * Level 2.7 Axes
 + Level 3.5 Armour
 + Level 3.5 Shields


You had one spell level left.
You didn't know any spells.
Your spell library was empty.

Dungeon Overview and Level Annotations

Branches:
Dungeon (2/15)

Altars:

Annotations:
D:2 Sigmund


Innate Abilities, Weirdness & Mutations

You are resistant to damage.
You can heal yourself by infusing magical energy.
You passively map a small area around you.
You do not regenerate.


Message History

You are too confused!
You are too confused!
You are too confused!
You are too confused!
You're too confused!
You are too confused!
Sigmund casts a spell at you.
You are more confused.
Found a dagger.
You bump into the rock wall.
Sigmund hits you but does no damage.
Sigmund hits you from afar with a +2 vampiric scythe.
You bump into the rock wall.
You bump into the rock wall.
Sigmund barely misses you. Sigmund casts a spell at you.
You are more confused.
Sigmund hits you with a +2 vampiric scythe!
Sigmund hits you with a +2 vampiric scythe!
* * * LOW HITPOINT WARNING * * *
Sigmund hits you with a +2 vampiric scythe!
You die...

, ##### * #...# *
##...######
######....#..... *
...............#*
*
...........###...,
, ,
,...(...#.........
* .)....#.@.######
* , #......@..# *
. #.###.#.#..#
..#.###...#### ,
#.....#..## ≈ ,
.##......# * *
*........#.##* ..
, .###......#....
* ......#........
* #..####.#...###


You could see Sigmund.

Vanquished Creatures
  An adder (D:2)
  A hobgoblin (D:2)
  4 kobolds
  A bat (D:1)
  2 frilled lizards
9 creatures vanquished.

Notes
Turn   | Place    | Note
-------+----------+-------------------------------------------
     0 | D:1      | Flugslaktarn the Deep Dwarf Fighter began the quest for the
                  | Orb.
     0 | D:1      | Reached XP level 1. HP: 20/20 MP: 1/1
     6 | D:1      | Noticed an anaconda
     6 | D:1      | Noticed a polar bear
     6 | D:1      | Noticed a four-headed hydra
   110 | D:2      | Reached XP level 2. HP: 20/27 MP: 2/2
   138 | D:2      | Noticed Sigmund
   156 | D:2      | HP: 1/27 [Sigmund/+2 vampiric scythe (12)]
   157 | D:2      | Slain by Sigmund

Levels and vault maps discovered:
D:1:      onia_arrival_zoo_common, layout_basic, chequers_jeans,
          minmay_pentomino_v2
D:2:      layout_rooms, first_ration, nicolae_qazlal_style_of_elements,
          uniq_sigmund

Action                   || total
-------------------------++-------
Melee: War axe           ||    24
Armor: Scale mail        ||    20
Dodge: Dodged            ||    13
Block: Kite shield       ||    11

Table legend:
 A = Non-vault XP
 B = Vault XP
 C = Vault XP percentage of total XP
 D = Non-vault monster count
 E = Vault monster count
 F = Vault count percentage of total count
                 A         B        C        D         E       F
            +---------+---------+-------+---------+---------+-------
      Total |      26 |       0 |   0.0 |       9 |       0 |   0.0
            +---------+---------+-------+---------+---------+-------
        D:1 |       4 |       0 |   0.0 |       3 |       0 |   0.0
        D:2 |      22 |       0 |   0.0 |       6 |       0 |   0.0
            +---------+---------+-------+---------+---------+-------
